 Dungeon Crawl Stone Soup version 0.29.1-12-g30fa7ad0bf (webtiles) character file.

Game seed: 7007789294590049222

14860 DildoBatman the Dealer of Despair (level 12, -2/91 HPs)
             Began as a Formicid Conjurer on Jan 6, 2023.
             Was an Elder of Kikubaaqudgha.
             Slain by a two-headed ogre
             ... wielding a +0 giant club
              (14 damage)
             ... on level 12 of the Dungeon.
             The game lasted 00:38:52 (12884 turns).

DildoBatman the Dealer of Despair (FoCj)           Turns: 12884, Time: 00:38:53

Health: -2/91      AC:  7    Str: 12    XL:     12   Next: 50%
Magic:  15/33      EV: 13    Int: 23    God:    Kikubaaqudgha [****..]
Gold:   771        SH:  0    Dex: 12    Spells: 7/28 levels left

rFire   . . .      SeeInvis +   a - +3 spear (freeze)
rCold   . . .      Faith    .   (no shield)
rNeg    . . .      Spirit   .   Q - +2 robe {Archmagi}
rPois   .          Reflect  .   (helmet unavailable)
rElec   .          Harm     .   S - +0 cloak
rCorr   .          Rampage  .   (no gloves)
Will    +....      Archmagi +   G - +0 pair of boots
Stlth   ++........              r - amulet of regeneration
HPRegen 1.05/turn               M - ring of magical power
MPRegen 0.23/turn               (no ring)

@: no status effects
A: permanent stasis, dig shafts and tunnels, antennae 3, four strong arms
a: Dig, Shaft Self, Renounce Religion, Unearth Wretches


You were on level 12 of the Dungeon.
You worshipped Kikubaaqudgha.
Kikubaaqudgha was greatly pleased with you.
You visited 3 branches of the dungeon, and saw 14 of its levels.

You collected 816 gold pieces.
You spent 45 gold pieces at shops.

Inventory:

Hand Weapons
 a - a +3 spear of freezing (weapon)
 b - a +0 sling of flaming
 c - a +1 dagger of electrocution
Missiles
 m - 8 javelins
 t - 2 atropa-tipped darts
 N - 3 poisoned darts
 T - a curare-tipped dart
 U - 2 throwing nets
Armour
 G - a +0 pair of boots (worn)
 Q - a +2 robe of the Archmagi (worn)
 R - a +2 robe of willpower
 S - a +0 cloak (worn)
 X - +0 acid dragon scales
Jewellery
 r - an amulet of regeneration (around neck)
 F - a ring of ice
 M - a ring of magical power (left hand)
Wands
 i - a wand of acid (3)
 j - a wand of paralysis (6)
 v - a wand of roots (16)
 W - a wand of digging (4)
 Y - a wand of mindburst (16)
Scrolls
 e - 2 scrolls of acquirement {unknown}
 h - a scroll of fear {unknown}
 n - a scroll of torment {unknown}
 o - 4 scrolls of noise {unknown}
 p - 3 scrolls of blinking {unknown}
 q - 5 scrolls of teleportation {unknown}
 s - a scroll of enchant armour {unknown}
 w - 2 scrolls of magic mapping {unknown}
 x - 5 scrolls of poison
 y - 2 scrolls of brand weapon {unknown}
 z - a scroll of identify
 E - 4 scrolls of amnesia {unknown}
 I - 2 scrolls of immolation {unknown}
 J - 5 scrolls of fog
 K - a scroll of silence {unknown}
 O - 2 scrolls of enchant weapon {unknown}
 V - a scroll of summoning {unknown}
Potions
 d - 2 potions of resistance {unknown}
 f - 2 potions of brilliance {unknown}
 g - 2 potions of might
 k - a potion of degeneration {unknown}
 l - a potion of mutation {unknown}
 u - 8 potions of heal wounds
 A - 4 potions of lignification
 B - 2 potions of flight
 C - 3 potions of magic
 D - 2 potions of ambrosia
 H - 4 potions of curing
 L - 2 potions of invisibility
 P - a potion of berserk rage {unknown}
Miscellaneous
 Z - a lightning rod (4/4)


   Skills:
 * Level 7.2 Fighting
 * Level 7.2 Armour
 * Level 5.3 Dodging
 - Level 2.4 Stealth
 * Level 8.5 Spellcasting
 - Level 6.0 Conjurations
 * Level 10.5 Necromancy
 - Level 5.0 Air Magic
 - Level 6.0 Poison Magic


You had 7 spell levels left.
You knew the following spells:

 Your Spells              Type           Power      Damage    Failure   Level
a - Searing Ray           Conj           100%       2d8       1%          2
b - Iron Shot             Conj/Erth      17%        9d4       96%         6
c - Magic Dart            Conj           100%       1d8       1%          1
d - Vampiric Draining     Necr           72%        2d11      1%          3
e - Mephitic Cloud        Conj/Pois/Air  52%        N/A       1%          3
h - Dispel Undead         Necr           72%        3d24      1%          4
z - Sublimation of Blood  Necr           72%        N/A       1%          2

Your spell library contained the following spells:

 Spells                   Type           Power      Damage    Failure   Level
 Necrotise                Necr           100%       1d9       1%          1
 Animate Dead             Necr           72%        N/A       1%          4
 Agony                    Necr           72%        N/A       2%          5
 Corpse Rot               Necr/Pois/Air  59%        N/A       3%          4
 Dazzling Flash           Conj/Hex       70%        N/A       6%          3
 Anguish                  Hex/Necr       25%        N/A       8%          4
 Call Imp                 Summ           14%        N/A       10%         2
 Death Channel            Necr           36%        N/A       14%         6
 Iskenderun's Battlesphe  Conj           54%        2d10      16%         5
 Fulminant Prism          Conj/Hex       17%        3d11      19%         4
 Iskenderun's Mystic Bla  Conj/Tloc      35%        2d8       19%         4
 Simulacrum               Ice/Necr       25%        N/A       75%         6
 Haunt                    Necr/Summ      25%        N/A       100%        7
 Spellforged Servitor     Conj/Summ      17%        N/A       100%        7
 Infestation              Necr           36%        N/A       99%         8


Dungeon Overview and Level Annotations

Branches:
Dungeon (12/15)            Temple (1/1) D:4            Lair (0/5) D:10
    Orc (1/2) D:12

Altars:
Ashenzari
Cheibriados
Dithmenos
Elyvilon
Fedhas
Gozag
Hepliaklqana
Kikubaaqudgha
Makhleb
Nemelex Xobeh
Okawaru
Qazlal
Ru
Sif Muna
Trog
Uskayaw
Vehumet
Wu Jian
Xom
Yredelemnul
Zin
The Shining One

Shops:
D:9 !


Innate Abilities, Weirdness & Mutations

You cannot be hasted, slowed, berserked, paralysed or teleported.
You can dig through walls and to a lower floor.
You have a pair of large antennae on your head. (SInv)
Your four strong arms can wield two-handed weapons with a shield.


Message History

Casting: Searing Ray (safe; 1% risk of failure)
Confirm with . or Enter, or press ? or * to list all spells.
Aiming: Vampiric Draining (safe; 1% risk of failure)
Press: ? - help, Shift-Dir - straight line, f/p - two-headed ogre
Aim: a two-headed ogre, wielding two +0 giant clubs (lightly wounded)
You feel a surge of power!
You draw life force from the two-headed ogre!
You feel life coursing into your body!
The two-headed ogre hits you with a +0 giant club.
The two-headed ogre hits you with a +0 giant club!
Casting: Vampiric Draining (safe; 1% risk of failure)
Confirm with . or Enter, or press ? or * to list all spells.
Aiming: Vampiric Draining (safe; 1% risk of failure)
Press: ? - help, Shift-Dir - straight line, f/p - two-headed ogre
Aim: a two-headed ogre, wielding two +0 giant clubs (moderately wounded)
You feel a surge of power!
You draw life force from the two-headed ogre!
You feel life coursing into your body.
Casting: Vampiric Draining (safe; 1% risk of failure)
Confirm with . or Enter, or press ? or * to list all spells.
Aiming: Vampiric Draining (safe; 1% risk of failure)
Press: ? - help, Shift-Dir - straight line, f/p - two-headed ogre
Aim: a two-headed ogre, wielding two +0 giant clubs (heavily wounded)
You feel a surge of power!
You draw life force from the two-headed ogre!
You feel life coursing into your body. The two-headed ogre barely misses you.
The two-headed ogre hits you with a +0 giant club!!
Casting: Vampiric Draining (safe; 1% risk of failure)
Confirm with . or Enter, or press ? or * to list all spells.
Aiming: Vampiric Draining (safe; 1% risk of failure)
Press: ? - help, Shift-Dir - straight line, f/p - two-headed ogre
Aim: a two-headed ogre, wielding two +0 giant clubs (severely wounded)
You feel a surge of power!
You draw life force from the two-headed ogre!
You feel life coursing into your body. The two-headed ogre barely misses you.
The two-headed ogre hits you with a +0 giant club!
You die...
Kikubaaqudgha rasps: "You have failed me!
Welcome... death!"

....................'......#
#.###...............#......#
#####............>..#......#
....................#......#
..>.................#......#
##'#############....#......#
...............#....#......#
...#...........#O...#......#
...............#@...#......#
...............######..###.#
...######'####### #..###.#
.#.#...##.......# #......#
.#.#...##.......# #......#
...#...##.......# #...##.#
####...##...##..#####......#
..##...##...##..##..#......#
.....>..............#......#


You could see a two-headed ogre.

Vanquished Creatures
  4 two-headed ogres
  Pikel (D:7)
  2 ugly things
  A manticore (D:12)
  Joseph (D:7)
  2 unseen horrors
  3 komodo dragons
  Psyche (D:7)
  A polar bear (D:10)
  2 slime creatures
  2 centaur simulacra (D:10)
  A shadow (D:10)
  A basilisk (D:12)
  A vampire (D:12)
  2 wyverns
  3 wraiths
  9 yaks
  Grum (D:9)
  6 vampire mosquitoes
  An acid dragon (D:11)
  2 water moccasins
  2 orc warriors
  2 black bears
  6 ice beasts (D:10)
  4 wolves
  A centaur (D:8)
  An ogre (D:7)
  3 lemures (D:7)
  2 phantoms (D:6)
  2 kobold brigands
  4 bullfrogs
  2 scorpions
  A gnoll sergeant (D:10)
  A necrophage (D:7)
  7 wights
  10 killer bees
  A howler monkey (D:12)
  A vampire bat (D:12)
  5 electric eels (D:10)
  8 jellies
  2 hounds
  A gnoll bouda (D:5)
  8 orc priests
  6 iguanas
  11 orc wizards
  10 gnolls
  10 adders
  6 white imps
  2 ufetubi
  2 worms
  3 dart slugs
  28 orcs
  18 bats
  22 endoplasms
  4 giant cockroaches
  5 goblins
  4 hobgoblins
  2 jackals (D:4)
  22 kobolds
  4 quokkas
  5 ball pythons
  4 frilled lizards
  6 rats
  2 butterflies (D:2)
297 creatures vanquished.

Vanquished Creatures (others)
  46 fungi
  46 plants (D:10)
92 creatures vanquished.

Grand Total: 389 creatures vanquished

Notes
Turn   | Place    | Note
-------+----------+-------------------------------------------
     0 | D:1      | DildoBatman the Formicid Conjurer began the quest for the
                  | Orb.
     0 | D:1      | Reached XP level 1. HP: 13/13 MP: 3/3
    49 | D:1      | Found a faded altar of an unknown god.
   267 | D:1      | Reached XP level 2. HP: 20/20 MP: 0/5
   279 | D:1      | Learned a level 2 spell: Searing Ray
   455 | D:1      | Reached skill level 1 in Fighting
   458 | D:1      | Reached skill level 1 in Armour
   458 | D:1      | Reached XP level 3. HP: 12/26 MP: 1/6
   741 | D:2      | Learned a level 3 spell: Mephitic Cloud
   917 | D:2      | Reached XP level 4. HP: 32/32 MP: 3/8
   966 | D:2      | Found a sparkling altar of Nemelex Xobeh.
  1660 | D:3      | Reached XP level 5. HP: 38/38 MP: 7/9
  2222 | D:4      | Found a staircase to the Ecumenical Temple.
  2228 | Temple   | Entered the Ecumenical Temple
  2275 | Temple   | Became a worshipper of Kikubaaqudgha
  2796 | D:4      | Reached XP level 6. HP: 46/46 MP: 6/11
  3344 | D:5      | Entered Level 5 of the Dungeon
  3512 | D:5      | Reached XP level 7. HP: 28/52 MP: 1/13
  3665 | D:5      | Reached skill level 5 in Conjurations
  3730 | D:5      | Reached * piety under Kikubaaqudgha
  3730 | D:5      | Received a gift from Kikubaaqudgha
  3834 | D:5      | Reached skill level 5 in Spellcasting
  3966 | D:5      | Reached XP level 8. HP: 38/58 MP: 11/16
  3985 | D:5      | Learned a level 2 spell: Sublimation of Blood
  3989 | D:5      | Learned a level 3 spell: Vampiric Draining
  4497 | D:5      | Reached skill level 1 in Poison Magic
  4514 | D:5      | Reached skill level 1 in Necromancy
  4794 | D:6      | Reached skill level 1 in Air Magic
  5495 | D:7      | Reached skill level 2 in Necromancy
  5495 | D:7      | Reached XP level 9. HP: 48/65 MP: 9/17
  5889 | D:7      | Reached ** piety under Kikubaaqudgha
  6191 | D:7      | Reached skill level 3 in Necromancy
  6207 | D:7      | Noticed Joseph
  6773 | D:8      | Noticed Psyche
  7120 | D:8      | Noticed Pikel
  7206 | D:7      | Killed Psyche
  7207 | D:7      | Reached skill level 5 in Fighting
  7207 | D:7      | Reached skill level 5 in Armour
  7299 | D:7      | Reached skill level 4 in Necromancy
  7395 | D:7      | Killed Pikel
  7396 | D:7      | Reached skill level 6 in Necromancy
  7396 | D:7      | Reached XP level 10. HP: 74/74 MP: 2/20
  7472 | D:8      | Reached skill level 7 in Necromancy
  7628 | D:8      | Found a glowing golden altar of the Shining One.
  7628 | D:8      | Found a broken altar of Ashenzari.
  7634 | D:8      | Found a snail-covered altar of Cheibriados.
  7636 | D:8      | Found a glowing silver altar of Zin.
  7638 | D:8      | Found a faded altar of an unknown god.
  8296 | D:9      | Reached skill level 8 in Necromancy
  8354 | D:9      | Noticed Grum
  8363 | D:9      | Killed Grum
  8605 | D:9      | Reached skill level 9 in Necromancy
  8673 | D:9      | Reached *** piety under Kikubaaqudgha
  8673 | D:9      | Received a gift from Kikubaaqudgha
  8681 | D:9      | Learned a level 4 spell: Dispel Undead
  8708 | D:9      | Found a basalt altar of Yredelemnul.
  8708 | D:9      | Found a hazy altar of Hepliaklqana.
  8712 | D:9      | Found a blossoming altar of Fedhas.
  8788 | D:9      | Found Ovocw's Distillery.
  8796 | D:9      | Bought a potion of curing for 45 gold pieces
  9114 | D:7      | Killed Joseph
  9203 | D:10     | Entered Level 10 of the Dungeon
  9203 | D:10     | Noticed a two-headed ogre
  9435 | D:10     | Reached skill level 5 in Poison Magic
  9436 | D:10     | Reached XP level 11. HP: 67/79 MP: 14/21
  9557 | D:10     | Noticed a white ugly thing
  9615 | D:10     | Killed a two-headed ogre
  9647 | D:10     | Learned a level 6 spell: Iron Shot
  9687 | D:10     | Killed a white ugly thing
  9699 | D:10     | Noticed a two-headed ogre
  9710 | D:10     | Killed a two-headed ogre
  9711 | D:10     | Reached skill level 5 in Air Magic
  9914 | D:10     | Noticed a two-headed ogre
  9944 | D:10     | Killed a two-headed ogre
 10105 | D:10     | Found a staircase to the Lair.
 10136 | D:10     | Reached **** piety under Kikubaaqudgha
 10723 | D:11     | Reached skill level 10 in Necromancy
 10724 | D:11     | Reached XP level 12. HP: 81/82 MP: 20/23
 11658 | D:12     | Reached skill level 5 in Dodging
 12087 | D:12     | Found a staircase to the Orcish Mines.
 12152 | D:12     | Noticed a two-headed ogre
 12167 | D:12     | Killed a two-headed ogre
 12867 | Orc:1    | Entered Level 1 of the Orcish Mines
 12867 | Orc:1    | Noticed a two-headed ogre
 12867 | Orc:1    | Noticed an orc high priest
 12884 | D:12     | Slain by a two-headed ogre

Illustrated notes

Levels and vault maps discovered:
D:1:      saegor_arrival_simple_a, layout_basic, basic_ecumenical_altar
D:2:      layout_loops_corners, serial_aquarium, aquarium_bridge_straight
          [aquarium_subvault_bridge, aquarium_subvault_wall,
          aquarium_subvault_bridge, aquarium_subvault_window],
          aquarium_window_fake, aquarium_window_1, aquarium_window_fake,
          aquarium_view_2c, basic_altar, hangedman_decor_riveting
D:3:      layout_loops_ring, serial_glass, glass_columns_b, glass_columns_b,
          kennysheep_flooded_box
D:4:      layout_loops_ring, minmay_temple_entry_nine_rooms, kennysheep_boxes
D:5:      layout_gridville
D:6:      layout_basic
D:7:      layout_loops_corners, amcnicky_mini_pool_small, uniq_joseph
D:8:      layout_layer_cave, chequers_temple_overflow_minitemple, uniq_psyche,
          uniq_pikel
D:9:      layout_loops_ring, chequers_temple_overflow_statue_of_worship,
          serial_shops, nicolae_shop_advertising_works
          [nicolae_subvault_shop_adworks], uniq_grum
D:10:     layout_basic, due_lair_maze_entry_diamond, serial_ice, serial_ice_k,
          serial_ice_g, serial_ice_d, serial_ice_h
D:11:     lemuel_slime, layout_small_grid
D:12:     layout_stronghold, orc_0_dummy, roderic_batcave,
          minmay_fractal_squares_5
Temple:   hellmonk_temple_of_storms
Orc:1:    layout_caves, basic_altar, mines2_david

Skill      XL: |  1  2  3  4  5  6  7  8  9 10 11 12 |
---------------+-------------------------------------+-----
Dodging        | 2 3 4 5 |  5.3
Fighting       | 1 2 3 5 6 7 |  7.2
Armour         | 1 2 3 5 6 7 |  7.2
Conjurations   | 4 5 6 |  6.0
Spellcasting   | 3 4 5 7 8 |  8.5
Poison Magic   | 2 4 5 6 |  6.0
Necromancy     | 2 6 9 10 | 10.5
Air Magic      | 1 2 3 5 |  5.0
Stealth        | |  2.4

Action                   |  1- 3 |  4- 6 |  7- 9 | 10-12 || total
-------------------------+-------+-------+-------+-------++-------
Melee: Club              |     1 |       |       |       ||     1
       Whip              |    25 |       |       |       ||    25
       Dagger            |     6 |     2 |       |       ||     8
       Short sword       |       |    23 |    47 |     6 ||    76
       Punch             |       |       |     1 |     1 ||     2
       Spear             |       |       |       |    69 ||    69
 Fire: Sling             |       |    40 |    50 |    12 ||   102
 Cast: Magic Dart        |    44 |    52 |    16 |    80 ||   192
       Searing Ray       |     1 |    24 |    56 |    70 ||   151
       Mephitic Cloud    |       |       |    22 |    36 ||    58
       Vampiric Draining |       |       |     8 |    40 ||    48
       Sublimation of Bl |       |       |    29 |    43 ||    72
       Dispel Undead     |       |       |       |    16 ||    16
 Abil: Dig               |       |     2 |       |     3 ||     5
  Use: Scroll            |       |       |     5 |     3 ||     8
 Stab: Sleeping          |     3 |     2 |       |       ||     5
       Confused          |       |       |     3 |     7 ||    10
Armor: Robe              |     9 |     7 |    16 |    41 ||    73
Dodge: Dodged            |    21 |    28 |    90 |   135 ||   274
